 Dungeon Crawl Stone Soup version 0.17.1-3-g152610e (webtiles) character file.

319 Peloso the Shield-Bearer (level 6, -5/53 HPs)
             Began as a Minotaur Fighter on Apr 15, 2016.
             Slain by a worm (7 damage)
             ... on level 4 of the Dungeon.
             The game lasted 00:05:34 (2116 turns).

Peloso the Shield-Bearer (Minotaur Fighter)         Turns: 2116, Time: 00:05:34

Health: -5/53      AC:  8    Str: 21    XL:     6   Next: 21%
Magic:  5/5        EV:  9    Int:  5    God:
Gold:   178        SH: 10    Dex: 11    Spells: 0 memorised, 5 levels left

rFire  . . .     SeeInvis .     a - +0 long sword
rCold  . . .     Clarity  .     b - +0 scale mail
rNeg   . . .     SustAt   .     c - +0 shield
rPois  .         Gourm    .     (helmet restricted)
rElec  .         Spirit   .     (no cloak)
rCorr  .         Warding  .     n - +0 pair of gloves
rMut   .         Stasis   .     (no boots)
MR     .....                    (no amulet)
Stlth  ..........               (no ring)
                                (no ring)

@: not resistant to hostile enchantments, extremely unstealthy
A: retaliatory headbutt, horns 2
a: no special abilities


You were on level 4 of the Dungeon.
You were not hungry.

You visited 1 branch of the dungeon, and saw 4 of its levels.

You collected 178 gold pieces.

Inventory:

Hand Weapons
 a - a +0 long sword (weapon)
 j - a +0 hand axe of flaming
Armour
 b - a +0 scale mail (worn)
 c - a +0 shield (worn)
 n - a +0 pair of gloves (worn)
Scrolls
 g - a scroll of identify
 h - 2 scrolls of teleportation {unknown}
 i - a scroll of blinking {unknown}
 l - 2 scrolls of magic mapping
 o - 2 scrolls of amnesia {unknown}
 p - 2 scrolls of fog {unknown}
 q - a scroll of recharging {unknown}
 r - a scroll of noise {unknown}
Potions
 d - a potion of might
 m - a potion of curing
 v - a potion of haste
Books
 t - a book of Changes

   Spells                             Type                      Level
   a - Beastly Appendage              Transmutation                1
   b - Sticks to Snakes               Transmutation                2
   c - Spider Form                    Transmutation/Poison         3
   d - Ice Form                       Ice/Transmutation            4
   e - Blade Hands                    Transmutation                5
Comestibles
 e - 5 bread rations
 f - a beef jerky
 k - a meat ration
 s - a slice of pizza


   Skills:
 + Level 4.6 Fighting
 + Level 3.4 Long Blades
 + Level 5.2 Armour
 + Level 2.8 Dodging
 + Level 0.3 Stealth
 + Level 5.3 Shields


You had 5 spell levels left.
You didn't know any spells.

Dungeon Overview and Level Annotations

Branches:
Dungeon (4/15)
 Temple: D:4-7

Altars:

Shops:
D:4 *=

Annotations:
D:4 Menkaure


Innate Abilities, Weirdness & Mutations

You reflexively headbutt those who attack you in melee.
You have a pair of horns on your head.


Message History

Menkaure shouts!
The ogre hits you with a giant spiked club!
Menkaure casts a spell at you. Pain shoots through your body!
There is an open door here.
You barely miss the worm. You headbutt the worm.
The worm is moderately wounded.
The ogre misses you. You furiously retaliate!
You headbutt the ogre!
Menkaure whispers a few words.
You barely miss the worm.
The worm is moderately wounded.
The worm bites you.
The ogre hits you with a giant spiked club!!
* * * LOW HITPOINT WARNING * * *
You slash the worm!
The worm is heavily wounded.
Menkaure hits you.
* * * LOW HITPOINT WARNING * * *
The worm bites you!
You die...

#.# #..
#.# #..
#.###
###...#
##.#.#.#
#.O#.†.#
#.w@.#.#
#.M#...#
##.#.#.#
###...#
#.###
#...#
#.#.#
#...#
#.#.#


You could see an ogre, Menkaure and a worm.

Vanquished Creatures
  A scorpion (D:4)
  A centaur zombie (D:3)
  5 orc wizards
  A gnoll (D:1)
  An ooze (D:3)
  4 worms
  8 orcs (D:3)
  2 giant cockroaches (D:3)
  7 goblins
  7 hobgoblins
  9 kobolds
  4 quokkas (D:3)
  A ball python (D:1)
  7 bats
  2 giant newts (D:2)
  7 rats
67 creatures vanquished.

Notes
Turn   | Place    | Note
--------------------------------------------------------------
     0 | D:1      | Peloso the Minotaur Fighter began the quest for the Orb.
     0 | D:1      | Reached XP level 1. HP: 19/19 MP: 0/0
   167 | D:1      | Reached skill level 4 in Shields
   247 | D:1      | Reached XP level 2. HP: 24/26 MP: 1/1
   545 | D:1      | Reached skill level 1 in Dodging
   545 | D:1      | Reached XP level 3. HP: 29/33 MP: 2/2
  1168 | D:3      | Reached XP level 4. HP: 15/40 MP: 3/3
  1602 | D:3      | Reached XP level 5. HP: 43/46 MP: 4/4
  1698 | D:3      | Reached skill level 5 in Shields
  1710 | D:3      | Reached skill level 5 in Armour
  2016 | D:4      | Found Wiklem's Assorted Antiques.
  2047 | D:4      | Found Moekisil's Jewellery Shoppe.
  2080 | D:4      | Reached XP level 6. HP: 42/53 MP: 5/5
  2113 | D:4      | Noticed an ogre
  2113 | D:4      | Noticed Menkaure
  2116 | D:4      | HP: 2/53 [Menkaure (3)]
  2116 | D:4      | Slain by a worm

Action                   |  1- 3 |  4- 6 || total
-------------------------+-------+-------++-------
Melee: Long sword        |    78 |    82 ||   160
  Use: Scroll            |       |     6 ||     6
  Eat: Chunk             |       |     4 ||     4
